 Dungeon Crawl Stone Soup version 0.26.1-2-gb8aa6d0cf2 (webtiles) character file.

Game seed: 17753387671458781220

1415 promet the Insei (level 8, 0/61 HPs)
             Began as a Gnoll Transmuter on Mar 23, 2021.
             Was a Priest of Uskayaw.
             Succumbed to an orc wizard's poison
             ... on level 7 of the Dungeon.
             The game lasted 00:47:11 (8640 turns).

promet the Insei (Gnoll Transmuter)                 Turns: 8640, Time: 00:47:12

Health: 0/61       AC:  4    Str: 14    XL:     8   Next: 71%
Magic:  17/17      EV: 16    Int: 17    God:    Uskayaw [***...]
Gold:   356        SH:  0    Dex: 17    Spells: 13/19 levels left

rFire    . . .     SeeInvis .   u - +0 long sword
rCold    . . .     Faith    .   (no shield)
rNeg     . . .     Spirit   .   a - +0 robe
rPois    .         Reflect  .   (no helmet)
rElec    .         Harm     .   s - +1 cloak {rCorr}
rCorr    +         Rampage  .   (no gloves)
Will     ++...                  (no boots)
Stlth    +++.......             r - amulet of magic regeneration (curse)
HPRegen  0.20/turn              (no ring)
MPRegen  0.40/turn              (no ring)

@: lethally poisoned (0 -> -7), wereblooded
A: distributed training, fangs 1, clever 1, strong-willed 2, strong nose
a: Renounce Religion, Stomp, Line Pass


You were on level 7 of the Dungeon.
You worshipped Uskayaw.
Uskayaw was noncommittal.
You visited 1 branch of the dungeon, and saw 7 of its levels.

You collected 356 gold pieces.

Inventory:

Hand Weapons
 e - a +3 quarterstaff of chaos
 f - a +1 mace of draining
 m - a +0 rapier
 n - a +0 scythe
 u - a +0 long sword (weapon)
 F - a +0 shortbow
Missiles
 b - 151 stones
 c - 43 poisoned darts (quivered)
 i - 102 sling bullets
 q - 47 bolts
 t - 6 javelins
 w - 11 boomerangs
 y - 29 arrows
 D - 2 atropa-tipped darts
 E - a throwing net
Armour
 a - a +0 robe (worn)
 s - a +1 cloak of preservation (worn)
Jewellery
 d - an uncursed ring of ice
 r - a cursed amulet of magic regeneration (around neck)
Wands
 l - a wand of polymorph (8)
 p - a wand of flame (18)
 x - a wand of random effects (23)
 B - a wand of disintegration (7)
Scrolls
 g - 4 scrolls of teleportation
 h - 3 scrolls of remove curse
 j - a scroll of immolation
 k - 5 scrolls of identify
 o - a scroll of blinking
 C - 2 scrolls of amnesia
Potions
 v - a potion of lignification
 z - a potion of curing
 A - 2 potions of might
 G - a potion of resistance


   Skills:
 + Level 4.4 Fighting
 + Level 3.5 Short Blades
 + Level 3.5 Long Blades
 + Level 3.5 Axes
 + Level 3.5 Maces & Flails
 + Level 3.5 Polearms
 + Level 3.5 Staves
 + Level 3.5 Slings
 + Level 3.5 Bows
 + Level 3.5 Crossbows
 + Level 3.5 Throwing
 + Level 3.5 Armour
 + Level 5.8 Dodging
 + Level 3.5 Stealth
 + Level 3.5 Shields
 + Level 7.5 Unarmed Combat
 + Level 6.2 Spellcasting
 + Level 2.9 Conjurations
 + Level 2.9 Hexes
 + Level 2.9 Summonings
 + Level 2.9 Necromancy
 + Level 2.9 Translocations
 + Level 4.8 Transmutations
 + Level 2.9 Fire Magic
 + Level 2.9 Ice Magic
 + Level 2.9 Air Magic
 + Level 2.9 Earth Magic
 + Level 2.9 Poison Magic
 + Level 3.9 Invocations
 + Level 3.5 Evocations


You had 13 spell levels left.
You knew the following spells:

 Your Spells              Type           Power        Failure   Level
a - Beastly Appendage     Tmut           42%          1%          1
b - Wereblood             Tmut           21%          2%          2
c - Spider Form           Tmut/Pois      9%           8%          3

Your spell library contained the following spells:

 Spells                   Type           Power        Failure   Level
 Ice Form                 Ice/Tmut       18%          26%         4
 Blade Hands              Tmut           10%          43%         5


Dungeon Overview and Level Annotations

Branches:
Dungeon (7/15)
 Temple: D:4-7

Altars:
Ashenzari
Nemelex Xobeh
Qazlal
Uskayaw
Xom

Annotations:
D:2 Terence


Innate Abilities, Weirdness & Mutations

Your experience applies equally to all skills.
You have very sharp teeth.
Your uncanny sense of smell can sniff out nearby items.
Your mind is acute. (Int +2)
You are highly strong-willed. (Will++)


Message History

You slash the orc warrior! You claw the orc warrior.
The orc warrior is heavily wounded.
Your horns disappear.
Your talons disappear.
The gnoll is no longer paralysed.
The howler monkey is no longer paralysed.
The orc warrior is no longer paralysed.
The hound is no longer paralysed.
The gnoll closely misses you.
The howler monkey hoots and howls with incredible vigour!
The gnoll misses you.
You closely miss the orc warrior.
The orc warrior is heavily wounded.
Something barely misses you.
The orc warrior hits you with a +0 dire flail!!
* * * LOW HITPOINT WARNING * * *
The gnoll hits you from afar with a +0 spear.
* * * LOW HITPOINT WARNING * * *
Something hits you.
* * * LOW HITPOINT WARNING * * *
You are lethally poisoned!
You die...

..8...#.#
'.....)....$+.#
#...8...8...#.#
#.#....h#.##.#
#.8..o8.##..#
#.h...##..##
#gg.##..##
#{##..##
#o†@.## ######


You could see an orc warrior and a gnoll.

Vanquished Creatures
  Sigmund (D:6)
  Menkaure (D:6)
  A sky beast (D:6)
  A black bear (D:6)
  An ogre (D:5)
  A centaur (D:6)
  2 scorpions
  2 howler monkeys
  A hound (D:4)
  Crazy Yiuf (D:3)
  A bullfrog skeleton (D:6)
  Natasha (thrice) (D:2)
  3 orc wizards
  5 worker ants
  A hound zombie (D:6)
  5 gnolls
  6 adders
  An ufetubus (D:6)
  2 adder skeletons
  2 worms
  4 leopard geckos
  13 orcs
  10 giant cockroaches
  3 goblins (D:1)
  9 hobgoblins
  18 jackals
  2 quokkas
  A ball python (D:1)
  8 bats
  5 frilled lizards
  6 kobolds
  6 rats
126 creatures vanquished.

Vanquished Creatures (others)
  An orc priest (D:5)
  A leopard gecko (D:5)
  2 orcs (D:5)
  A bush (D:6)
5 creatures vanquished.

Grand Total: 131 creatures vanquished

Notes
Turn   | Place    | Note
-------+----------+-------------------------------------------
     0 | D:1      | promet the Gnoll Transmuter began the quest for the Orb.
     0 | D:1      | Reached XP level 1. HP: 17/17 MP: 6/6
   326 | D:1      | Reached XP level 2. HP: 23/23 MP: 7/7
   392 | D:1      | Found an ornate altar of the Wu Jian Council.
   394 | D:1      | Found a stormy altar of Qazlal.
   394 | D:1      | Found a broken altar of Ashenzari.
   586 | D:1      | Found a snail-covered altar of Cheibriados.
   586 | D:1      | Found a shimmering altar of Xom.
   586 | D:1      | Found a shimmering altar of Xom.
   991 | D:2      | Reached skill level 5 in Spellcasting
   991 | D:2      | Reached XP level 3. HP: 26/28 MP: 6/9
  1205 | D:2      | Reached skill level 1 in Invocations
  1616 | D:2      | Noticed Terence
  1825 | D:2      | Learned a level 2 spell: Wereblood
  1943 | D:2      | Reached skill level 1 in Short Blades
  1943 | D:2      | Reached skill level 1 in Long Blades
  1943 | D:2      | Reached skill level 1 in Axes
  1943 | D:2      | Reached skill level 1 in Maces & Flails
  1943 | D:2      | Reached skill level 1 in Polearms
  1943 | D:2      | Reached skill level 1 in Staves
  1943 | D:2      | Reached skill level 1 in Slings
  1943 | D:2      | Reached skill level 1 in Bows
  1943 | D:2      | Reached skill level 1 in Crossbows
  1943 | D:2      | Reached skill level 1 in Throwing
  1943 | D:2      | Reached skill level 1 in Armour
  1943 | D:2      | Reached skill level 1 in Stealth
  1943 | D:2      | Reached skill level 1 in Shields
  1943 | D:2      | Reached skill level 1 in Evocations
  2084 | D:2      | Reached XP level 4. HP: 34/34 MP: 11/11
  2505 | D:2      | Noticed Natasha
  2514 | D:2      | Killed Natasha
  2515 | D:2      | Reached skill level 1 in Conjurations
  2515 | D:2      | Reached skill level 1 in Hexes
  2515 | D:2      | Reached skill level 1 in Summonings
  2515 | D:2      | Reached skill level 1 in Necromancy
  2515 | D:2      | Reached skill level 1 in Translocations
  2515 | D:2      | Reached skill level 1 in Fire Magic
  2515 | D:2      | Reached skill level 1 in Ice Magic
  2515 | D:2      | Reached skill level 1 in Air Magic
  2515 | D:2      | Reached skill level 1 in Earth Magic
  2515 | D:2      | Reached skill level 1 in Poison Magic
  2539 | D:2      | Noticed Natasha
  2541 | D:2      | Reached XP level 5. HP: 39/40 MP: 10/12
  2546 | D:2      | Killed Natasha
  2657 | D:2      | Noticed Natasha
  2663 | D:2      | Killed Natasha
  3054 | D:3      | Reached XP level 6. HP: 40/47 MP: 11/13
  3679 | D:3      | Gained mutation: Your mind is acute. (Int +2) [potion of
                  | mutation]
  3679 | D:3      | Gained mutation: You are strong-willed. (Will+) [potion of
                  | mutation]
  3679 | D:3      | Gained mutation: You are highly strong-willed. (Will++)
                  | [potion of mutation]
  3794 | D:3      | Found a runed translucent door.
  3795 | D:3      | Noticed Crazy Yiuf
  3802 | D:3      | Killed Crazy Yiuf
  3803 | D:3      | Reached skill level 5 in Dodging
  4601 | D:4      | Learned a level 3 spell: Spider Form
  4785 | D:4      | Reached XP level 7. HP: 48/52 MP: 15/15
  5112 | D:4      | Reached skill level 7 in Unarmed Combat
  5288 | D:4      | Found a sparkling altar of Nemelex Xobeh.
  5289 | D:4      | Found a stormy altar of Qazlal.
  5289 | D:4      | Found a broken altar of Ashenzari.
  5289 | D:4      | Found a hide-covered altar of Uskayaw.
  5417 | D:4      | Became a worshipper of Uskayaw the Reveller
  5726 | D:4      | Reached * piety under Uskayaw
  5828 | D:5      | Entered Level 5 of the Dungeon
  6515 | D:6      | Reached ** piety under Uskayaw
  6519 | D:6      | Reached *** piety under Uskayaw
  6948 | D:6      | Reached XP level 8. HP: 34/60 MP: 16/16
  7406 | D:6      | Noticed Sigmund
  7413 | D:6      | Noticed Menkaure
  7429 | D:6      | Killed Sigmund
  7557 | D:6      | Killed Menkaure
  8639 | D:7      | HP: 2/61 [gnoll/+0 spear (2)]
  8640 | D:7      | Succumbed to an orc wizard's poison

Illustrated notes

Levels and vault maps discovered:
D:1:      dpeg_arrival_rhombi, layout_basic, doesnt_xom_only_xom
D:2:      layout_basic, uniq_terence, uniq_natasha
D:3:      layout_loops_cross, amcnicky_mini_pool_small, uniq_crazy_yiuf_cottage
D:4:      lemuel_upstairs_altar, layout_loops_cross,
          chequers_temple_overflow_statue_of_worship, serial_glass,
          glass_columns_b, glass_columns_c, glass_columns_b, glass_columns_a,
          glass_columns_a, glass_columns_c, chequers_mini_garden
D:5:      layout_rooms, lemuel_flamethrower_1
D:6:      layout_basic, minmay_misc_feat_hallway, kb_lookout_dungeons_type,
          uniq_sigmund, uniq_menkaure
D:7:      layout_basic, minmay_temple_entry_antechambers, dk_noncrumbling_3,
          minmay_tree_intersection

Skill      XL: |  1  2  3  4  5  6  7  8 |
---------------+-------------------------+-----
Spellcasting   | 5 6 |  6.2
Invocations    | 1 2 3 |  3.9
Short Blades   | 1 2 3 |  3.5
Long Blades    | 1 2 3 |  3.5
Axes           | 1 2 3 |  3.5
Maces & Flails | 1 2 3 |  3.5
Polearms       | 1 2 3 |  3.5
Staves         | 1 2 3 |  3.5
Slings         | 1 2 3 |  3.5
Bows           | 1 2 3 |  3.5
Crossbows      | 1 2 3 |  3.5
Throwing       | 1 2 3 |  3.5
Armour         | 1 2 3 |  3.5
Stealth        | 1 2 3 |  3.5
Shields        | 1 2 3 |  3.5
Evocations     | 1 2 3 |  3.5
Conjurations   | 1 2 |  2.9
Hexes          | 1 2 |  2.9
Summonings     | 1 2 |  2.9
Necromancy     | 1 2 |  2.9
Translocations | 1 2 |  2.9
Fire Magic     | 1 2 |  2.9
Ice Magic      | 1 2 |  2.9
Air Magic      | 1 2 |  2.9
Earth Magic    | 1 2 |  2.9
Poison Magic   | 1 2 |  2.9
Fighting       | 3 4 |  4.4
Transmutations | 4 |  4.8
Dodging        | 5 |  5.8
Unarmed Combat | 7 |  7.5

Action                   |  1- 3 |  4- 6 |  7- 9 || total
-------------------------+-------+-------+-------++-------
Melee: Unarmed           |   102 |    70 |     6 ||   178
       Bite              |     9 |    13 |    17 ||    39
       Kick              |    16 |    30 |    30 ||    76
       Punch             |     2 |     1 |     3 ||     6
       Headbutt          |     7 |    18 |    22 ||    47
       Halberd           |       |   102 |    84 ||   186
       Mace              |       |     1 |     4 ||     5
       Rapier            |       |       |     5 ||     5
       Scythe            |       |       |    25 ||    25
       Long sword        |       |       |    18 ||    18
 Fire: Shortbow          |       |       |     8 ||     8
Throw: Stone             |     1 |     4 |     1 ||     6
       Dart              |       |       |     6 ||     6
 Cast: Beastly Appendage |    16 |    26 |    20 ||    62
       Wereblood         |       |     3 |     4 ||     7
       Spider Form       |       |       |     1 ||     1
  Use: Scroll            |     4 |     6 |     4 ||    14
       Potion            |     1 |     6 |     6 ||    13
 Stab: Sleeping          |     1 |     6 |     1 ||     8
       Distracted        |       |     1 |       ||     1
       Paralysed         |       |       |     1 ||     1
Armor: Robe              |    18 |    33 |    22 ||    73
Dodge: Dodged            |    95 |   124 |   133 ||   352
       Rpst.: Long sword |       |       |     5 ||     5
